 Dungeon Crawl Stone Soup version 0.31-a0-229-g1fc7ce93e2 (webtiles) character file.

Game seed: 2200586441822432741

49 qw the Shooter (level 3, -2/21 HPs)
             Began as a Gargoyle Hexslinger on July 6, 2023.
             Slain by a hobgoblin (3 damage)
             ... on level 2 of the Dungeon.
             The game lasted 00:00:30 (915 turns).

qw the Shooter (Gargoyle Hexslinger)                 Turns: 915, Time: 00:00:30

Health: -2/21      AC:  5    Str: 17    XL:     3   Next: 75%
Magic:  4/4        EV: 12    Int: 13    God:
Gold:   54         SH:  0    Dex: 14    Spells: 3/4 levels left

rFire   . . .        Y - +1 sling
rCold   . . .        (no shield)
rNeg    + . .        c - +0 robe
rPois   inf          (no helmet)
rElec   +            (no cloak)
rCorr   .            (no gloves)
SInv    .            (no boots)
Will    .....        (no amulet)
Stlth   +            f - +6 ring of strength
HPRegen 0.23/turn    (no ring)
MPRegen 0.09/turn

%: no passive effects
@: no status effects
A: sickness immunity, AC +3, negative energy resistance 1, electricity
resistance, torment resistance 1, petrification resistance
a: no special abilities


You were on level 2 of the Dungeon.
You visited 1 branch of the dungeon, and saw 2 of its levels.

You collected 54 gold pieces.


Innate Abilities, Weirdness & Mutations

You are immune to sickness and miasma.
Your stone body is resilient. (AC +3)
You are immune to poison.
You resist negative energy. (rN+)
You are resistant to electric shocks. (rElec)
You are resistant to unholy torment.
You are immune to petrification.


   Skills:
 - Level 2.0 Fighting
 + Level 3.6 Ranged Weapons
 - Level 1.5 Dodging
 - Level 1.0 Spellcasting
 - Level 2.6 Hexes


You had 3 spell levels left.
You knew the following spells:

 Your Spells              Type           Power      Damage    Failure   Level
a - Slow                  Hex            28%        N/A       10%         1

Your spell library contained the following spells:

 Spells                   Type           Power      Damage    Failure   Level
 Inner Flame              Hex/Fire       4%         N/A       43%         3
 Portal Projectile        Hex/Tloc       8%         N/A       43%         3
 Cause Fear               Hex            3%         N/A       67%         4

Inventory:

Hand Weapons
 Y - a +1 sling (weapon)
Armour
 b - a +0 helmet
 c - a +0 robe (worn)
Jewellery
 f - a +6 ring of strength (left hand)
Scrolls
 a - a scroll of identify
 d - a scroll of blinking {unknown}
Potions
 e - a potion of curing {unknown}

Dungeon Overview and Level Annotations

Branches:
Dungeon (2/15)

Altars:


Message History

The hobgoblin is moderately wounded.
The hobgoblin hits you.
You shoot a sling bullet.
The sling bullet closely misses the hobgoblin.
The hobgoblin hits you.
The hobgoblin hits you but does no damage.
You shoot a sling bullet.
The sling bullet hits the hobgoblin but does no damage.
The hobgoblin is moderately wounded.
The goblin hits you with a +0 dagger of flaming.
The goblin burns you. The hobgoblin misses you.
The hobgoblin barely misses you.
You shoot a sling bullet. The sling bullet hits the hobgoblin.
The hobgoblin is almost dead.
The goblin hits you with a +0 dagger of flaming.
The goblin burns you. The hobgoblin misses you. x2
You shoot a sling bullet.
The sling bullet barely misses the hobgoblin.
The goblin barely misses you.
The hobgoblin hits you but does no damage. x2
The goblin closely misses you. The hobgoblin barely misses you.
The hobgoblin misses you.
You shoot a sling bullet. The sling bullet hits the hobgoblin!
You kill the hobgoblin!
The hobgoblin closely misses you.
You shoot a sling bullet. The sling bullet hits the hobgoblin.
The hobgoblin is severely wounded.
The hobgoblin barely misses you.
The goblin hits you with a +0 dagger of flaming.
The goblin burns you. The hobgoblin misses you.
You shoot a sling bullet.
The sling bullet barely misses the hobgoblin.
The hobgoblin closely misses you. The goblin hits you but does no damage.
The hobgoblin hits you.
You shoot a sling bullet.
The sling bullet barely misses the hobgoblin.
The hobgoblin hits you. The goblin barely misses you.
The hobgoblin hits you but does no damage.
The goblin hits you with a +0 dagger of flaming.
The goblin burns you. The hobgoblin barely misses you. The hobgoblin hits you.
You die... # #...#.#.....###. ####...#.####.## ........:##...# ####...#.#..####+#### .......###.##.#...#. .......# #.# '...' .......# #.## .gg

........ #..####g##
........###...#g@g#
#######.......##.##
##.
######...#'#.....
#.........#
#...........##
#....>#######
#.....# #.....#
#.....#


You could see 4 hobgoblins and a goblin.

Vanquished Creatures
  2 worms (D:2)
  A dart slug (D:1)
  6 ball pythons
  4 endoplasms (D:1)
  2 giant cockroaches (D:1)
  6 hobgoblins
  A quokka (D:1)
  6 bats (D:1)
  A frilled lizard (D:1)
  4 goblins (D:2)
  A kobold (D:1)
  4 rats
38 creatures vanquished.

Notes
Turn   | Place    | Note
-------+----------+-------------------------------------------
     0 | D:1      | qw the Gargoyle Hexslinger began the quest for the Orb.
     0 | D:1      | Reached XP level 1. HP: 12/12 MP: 2/2
     0 | D:1      | 0 ||| qw: Version: 0.3-a-46-gb1f654a
     0 | D:1      | 0 ||| qw: Game counter: 1676
     0 | D:1      | 0 ||| qw: Melee chars always use a shield: true
     0 | D:1      | 0 ||| qw: God list: Okawaru
     0 | D:1      | 0 ||| qw: Allow faded altars: false
     0 | D:1      | 0 ||| qw: Do Orc after clearing Dungeon:15 true
     0 | D:1      | 0 ||| qw: Do second Lair branch before Depths: true
     0 | D:1      | 0 ||| qw: Lair rune preference: random
     0 | D:1      | 0 ||| qw: Goals: Normal
     0 | D:1      | 0 ||| PLANNING D:1-11
   157 | D:1      | Reached XP level 2. HP: 16/16 MP: 3/3
   216 | D:1      | Reached skill level 3 in Ranged Weapons
   421 | D:1      | Reached XP level 3. HP: 21/21 MP: 4/4
   722 | D:1      | 722 ||| UPGRADING to +6 ring of strength.
   723 | D:1      | 723 ||| READING 2 scrolls labelled XIVOLI REYTH.
   724 | D:1      | 724 ||| DROPPING scroll of poison.
   914 | D:2      | HP: 4/21 [hobgoblin (3)]
   915 | D:2      | HP: 1/21 [goblin/+0 dagger of flaming (1)]
   915 | D:2      | Slain by a hobgoblin

Levels and vault maps discovered:
D:1:      dpeg_arrival_lava_temple_mockup, layout_basic
D:2:      cheibrodos_greedy_goblins, layout_basic, serial_shops, shop

Skill      XL: |  1  2  3 |
---------------+----------+-----
Ranged Weapons | 3 |  3.6
Fighting       | 2 |  2.0
Dodging        | |  1.5
Spellcasting   | |  1.0
Hexes          | |  2.6

Action                     || total
---------------------------++-------
   Fire: Sling             ||   143
    Use: Scroll            ||     1
 Armour: Robe              ||    35
  Dodge: Dodged            ||    70

Table legend:
 A = Non-vault XP
 B = Vault XP
 C = Vault XP percentage of total XP
 D = Non-vault monster count
 E = Vault monster count
 F = Vault count percentage of total count
                 A         B        C        D         E       F
            +---------+---------+-------+---------+---------+-------
      Total |      63 |       7 |  10.0 |      33 |       5 |  13.2
            +---------+---------+-------+---------+---------+-------
        D:1 |      48 |       0 |   0.0 |      28 |       0 |   0.0
        D:2 |      15 |       7 |  31.8 |       5 |       5 |  50.0
            +---------+---------+-------+---------+---------+-------
